 Dungeon Crawl Stone Soup version 0.27-a0-46-g34d46f0a3f (webtiles) character file.

Game seed: 604082808321691872

70 domi the Conjurer (level 4, -2/30 HPs)
             Began as a Demonspawn Conjurer on Jan 6, 2021.
             Succumbed to Robin's poison
             ... on level 1 of the Dungeon.
             The game lasted 00:03:54 (2122 turns).

domi the Conjurer (Demonspawn Conjurer)             Turns: 2122, Time: 00:03:55

Health: -2/30      AC:  2    Str:  7    XL:     4   Next: 4%
Magic:  1/8        EV: 12    Int: 20    God:
Gold:   87         SH:  0    Dex: 12    Spells: 7/8 levels left

rFire    . . .     SeeInvis .   (no weapon)
rCold    + . .     Faith    .   (no shield)
rNeg     . . .     Spirit   .   a - +0 robe
rPois    .         Reflect  .   (no helmet)
rElec    .         Harm     .   (no cloak)
rCorr    .         Rampage  .   (no gloves)
Will     .....                  (no boots)
Stlth    ++........             (no amulet)
HPRegen  0.10/turn              (no ring)
MPRegen  0.11/turn              (no ring)

@: lethally poisoned (-2 -> -38)
A: cold resistance 1, miasma immunity, freezing cloud immunity
a: no special abilities


You were on level 1 of the Dungeon.
You visited 1 branch of the dungeon, and saw 2 of its levels.

You collected 87 gold pieces.

Inventory:

Armour
 a - a +0 robe (worn)
 i - a +2 pair of gloves
   (You found it on level 1 of the Dungeon)
Scrolls
 b - 4 scrolls of identify {unknown}
 c - a scroll of enchant armour {unknown}
 d - a scroll of remove curse {unknown}
 f - a scroll of fear {unknown}
 h - a scroll of magic mapping {unknown}
 j - a scroll of teleportation {unknown}
 k - a scroll of enchant weapon {unknown}
Potions
 e - a potion of magic {unknown}
 g - a potion of resistance {unknown}


   Skills:
 - Level 1.7 Dodging
 - Level 1.7 Stealth
 + Level 2.8 Spellcasting
 * Level 5.1 Conjurations


You had 7 spell levels left.
You knew the following spells:

 Your Spells              Type           Power        Failure   Level
z - Magic Dart            Conj           92%          1%          1

Your spell library contained the following spells:

 Spells                   Type           Power        Failure   Level
 Searing Ray              Conj           46%          2%          2
 Dazzling Flash           Conj/Hex       26%          16%         3
 Fulminant Prism          Conj/Hex       6%           45%         4
 Iskenderun's Mystic Bla  Conj/Tloc      13%          45%         4


Dungeon Overview and Level Annotations

Branches:
Dungeon (2/15)

Altars:

Annotations:
D:1 Robin


Innate Abilities, Weirdness & Mutations

Your flesh is cold resistant. (rC+)
You are immune to miasma.
You are immune to freezing clouds.


Message History

The goblin hits you but does no damage. The goblin hits you.
The goblin closely misses you.
The hobgoblin hits you but does no damage.
You climb upwards.
There is a stone staircase leading down here.
You take 2 damage, and have 20/24 hp.
Aim: a goblin, wielding a +0 dagger (strong, 0% to evade)
The magic dart hits the goblin.
You kill the goblin!
The goblin hits you. The hobgoblin closely misses you.
You take 1 damage, and have 19/24 hp.
You now have 6/7 mp.
Aim: a hobgoblin (strong, 0% to evade)
The magic dart hits the hobgoblin.
The goblin hits you. The hobgoblin closely misses you.
You take 3 damage, and have 16/24 hp.
You now have 5/7 mp.
Aim: a hobgoblin (almost dead, strong, 0% to evade)
The magic dart hits the hobgoblin.
You kill the hobgoblin!
The goblin hits you.
You have reached level 4!
You feel agile.
Your demonic ancestry asserts itself...
You feel less concerned about cold.
You take 1 damage, and have 15/30 hp.
You now have 4/8 mp.
Aim: a goblin (0% to evade)
You miscast Magic Dart.
You are very lightly contaminated with residual magic.
Nothing appears to happen.
The goblin hits you. The goblin hits you but does no damage.
You take 1 damage, and have 14/30 hp.
You now have 3/8 mp.
Aim: a goblin (0% to evade)
The magic dart hits the goblin.
You kill the goblin!
The goblin barely misses you.
You now have 2/8 mp.
Aim: a goblin (strong, 0% to evade)
The magic dart hits the goblin.
The goblin hits you but does no damage.
You now have 1/8 mp.
Aim: a goblin (almost dead, strong, 0% to evade)
The magic dart hits the goblin.
You kill the goblin!
You now have 0/8 mp.
You don't have enough magic to cast that spell.
You don't have enough magic to cast that spell.
You start resting.
Your magical contamination has completely faded away.
You start resting.
Health restored: 30; MP restored: 8 You climb downwards.
Level annotation: Robin
There is a stone staircase leading up, spattered with blood here.
You see here 3 stones.
Aim: Robin, wielding a +4 dagger of venom, wearing a +0 animal skin and wearing a +0 helmet (0% to evade)
The magic dart hits Robin.
You now have 7/8 mp.
Unknown command.
Unknown command.
Unknown command.
Aim: Robin, wielding a +4 dagger of venom, wearing a +0 animal skin and wearing a +0 helmet (moderately wounded, 0% to evade)
The magic dart hits Robin.
A bat comes into view.
You now have 6/8 mp.
Aim: Robin, wielding a +4 dagger of venom, wearing a +0 animal skin and wearing a +0 helmet (moderately wounded, 0% to evade)
The magic dart hits Robin.
You now have 5/8 mp.
Aim: Robin, wielding a +4 dagger of venom, wearing a +0 animal skin and wearing a +0 helmet (heavily wounded, 0% to evade)
The magic dart hits Robin.
Robin hits you with a +4 dagger of venom.
You are poisoned.
You take 5 damage, and have 25/30 hp.
You now have 4/8 mp.
Aim: Robin, wielding a +4 dagger of venom, wearing a +0 animal skin and wearing a +0 helmet (severely wounded, 0% to evade)
The magic dart hits Robin.
You feel sick. The bat barely misses you.
Robin hits you with a +4 dagger of venom.
You are more poisoned.
You take 4 damage, and have 21/30 hp.
You now have 3/8 mp.
Aim: Robin, wielding a +4 dagger of venom, wearing a +0 animal skin and wearing a +0 helmet (severely wounded, 0% to evade)
The magic dart hits Robin.
You feel sick. The bat hits you but does no damage.
Robin hits you but does no damage.
You are lethally poisoned!
The bat closely misses you.
You take 2 damage, and have 19/30 hp.
You now have 2/8 mp.
Aim: Robin, wielding a +4 dagger of venom, wearing a +0 animal skin and wearing a +0 helmet (severely wounded, 0% to evade)
The magic dart hits Robin.
You feel sick. The bat barely misses you.
Robin hits you with a +4 dagger of venom.
You are more poisoned.
You take 4 damage, and have 15/30 hp.
You now have 1/8 mp.
Aim: Robin, wielding a +4 dagger of venom, wearing a +0 animal skin and wearing a +0 helmet (almost dead, 0% to evade)
The magic dart hits Robin but does no damage.
You feel sick.
Robin says, "Kneel, worm!"
Robin hits you with a +4 dagger of venom.
You are more poisoned.
The bat closely misses you.
You take 5 damage, and have 10/30 hp.
You now have 0/8 mp.
* * * LOW HITPOINT WARNING * * *
You feel very sick. The bat completely misses you.
Robin hits you with a +4 dagger of venom.
* * * LOW HITPOINT WARNING * * *
You climb upwards.
You die...

###....................# #
#............######### #
#............#
#............##
#........(..).#
###..#########..###
#..#############..######
#.##..#.....#..##g.....#
...#<.###'###..#@)###..#
...#..'.....'..##b.##.####
.######..#..######.......##
.###....###....###........##
...#.....#.....##(.........#
...#.#.⌠.#.⌠.#.##..........#
...#.#.......#.#...........#
...#.###...###.#...........#
...#...........##..........#


You could see Robin and a bat.

Vanquished Creatures
  2 adders (D:1)
  2 dart slugs
  A leopard gecko (D:1)
  2 giant cockroaches (D:1)
  14 goblins
  5 hobgoblins (D:1)
  7 kobolds
  6 bats
  2 frilled lizards (D:1)
  3 rats
44 creatures vanquished.

Notes
Turn   | Place    | Note
-------+----------+-------------------------------------------
     0 | D:1      | domi the Demonspawn Conjurer began the quest for the Orb.
     0 | D:1      | Reached XP level 1. HP: 13/13 MP: 3/3
   216 | D:1      | Gained mutation: Your flesh is cold resistant. (rC+)
                  | [demonic ancestry]
   216 | D:1      | Reached XP level 2. HP: 19/19 MP: 1/5
   994 | D:2      | Gained mutation: You are immune to miasma. [demonic
                  | ancestry]
   994 | D:2      | Reached XP level 3. HP: 24/24 MP: 3/6
  1114 | D:2      | HP: 5/24 [kobold/+0 dagger (4)]
  1421 | D:2      | Noticed Robin
  1638 | D:1      | Reached skill level 5 in Conjurations
  1959 | D:1      | Gained mutation: You are immune to freezing clouds.
                  | [demonic ancestry]
  1959 | D:1      | Reached XP level 4. HP: 15/30 MP: 4/8
  2121 | D:2      | HP: 7/30 [poisoned by Robin]
  2121 | D:2      | HP: 2/30 [Robin/+4 dagger of venom (5)]
  2122 | D:1      | Succumbed to Robin's poison

Illustrated notes

Levels and vault maps discovered:
D:1:      dpeg_arrival_court, layout_rooms,
          wander_ebering_terrifying_dragon_lair
D:2:      layout_basic, hangedman_decor_peaks_small, kennysheep_jessica_study,
          uniq_robin

Skill      XL: |  1  2  3 |
---------------+----------+-----
Conjurations   | 5 |  5.1
Dodging        | |  1.7
Stealth        | |  1.7
Spellcasting   | |  2.8

Action                   |  1- 3 |  4- 6 || total
-------------------------+-------+-------++-------
 Cast: Magic Dart        |    79 |    11 ||    90
Armor: Robe              |    11 |     4 ||    15
Dodge: Dodged            |    38 |     6 ||    44

Table legend: (Time is in decaauts)
 A = Elapsed time spent in this place.
 B = Non-inter-level travel time spent in this place.
 C = Inter-level travel time spent in this place.
 D = Time resting spent in this place.
 E = Time spent auto-exploring this place.
 F = Levels seen in this place.
 G = Mean time per level.
                   A        B        C        D        E       F      G
               +--------+--------+--------+--------+--------+-----+--------+
         Total |   2131 |   2102 |     29 |    934 |    940 |   2 | 1065.5 |
       Dungeon |   2131 |   2102 |     29 |    934 |    940 |   2 | 1065.5 |
               +--------+--------+--------+--------+--------+-----+--------+

Top non-repeatable levels by time:
     D:1: 1984 daAuts
     D:2: 147 daAuts

Table legend:
 A = Kills in this place as a percentage of kills in entire the game.
 B = Kills by you in this place as a percentage of kills by you in the entire game.
 C = Kills by friends in this place as a percentage of kills by friends in the entire game.
 D = Other kills in this place as a percentage of other kills in the entire game.
 E = Experience gained in this place as a percentage of experience gained in the entire game.
 F = Experience gained in this place divided by the number of levels of this place that you have seen.
                   A       B       C       D       E      F
               +-------+-------+-------+-------+-------+----------------------
         Total | 100.0 | 100.0 |   N/A |   N/A | 100.0 |  50.5
       Dungeon | 100.0 | 100.0 |   N/A |   N/A | 100.0 |  50.5
               +-------+-------+-------+-------+-------+----------------------
